 Dungeon Crawl Stone Soup version 0.29-a0-322-g68df515428 (webtiles) character file.

Game seed: 9798259714389000718

224 bande the Covered (level 6, 0/41 HPs)
             Began as a Gargoyle Fighter on Apr 7, 2022.
             Killed by divine providence
             ... invoked by an orc priest
              (10 damage)
             ... on level 3 of the Dungeon.
             The game lasted 00:05:12 (2799 turns).

bande the Covered (Gargoyle Fighter)                Turns: 2799, Time: 00:05:13

Health: 0/41       AC: 12    Str: 20    XL:     6   Next: 0%
Magic:  9/9        EV:  8    Int:  8    God:
Gold:   143        SH: 12    Dex: 11    Spells: 5/5 levels left

rFire   . . .      SeeInvis .   a - +0 war axe
rCold   . . .      Faith    .   k - +3 kite shield
rNeg    + . .      Spirit   .   b - +0 scale mail
rPois   ∞          Reflect  .   (no helmet)
rElec   +          Harm     .   (no cloak)
rCorr   .          Rampage  .   (no gloves)
Will    .....                   (no boots)
Stlth   ..........              (no amulet)
HPRegen 0.13/turn               (no ring)
MPRegen 0.11/turn               (no ring)

@: no status effects
A: sickness immunity, AC +4, negative energy resistance 1, electricity
resistance, torment resistance 1, petrification resistance
a: no special abilities


You were on level 3 of the Dungeon.
You visited 1 branch of the dungeon, and saw 3 of its levels.

You collected 143 gold pieces.

Inventory:

Hand Weapons
 a - a +0 war axe (weapon)
 f - a +3 flail
Armour
 b - a +0 scale mail (worn)
 k - a +3 kite shield (worn)
Potions
 d - 2 potions of might
 e - a potion of heal wounds
 g - a potion of resistance
 h - a potion of brilliance
 i - 2 potions of curing
 j - a potion of cancellation


   Skills:
 + Level 5.9 Fighting
 + Level 4.7 Axes
 + Level 6.3 Armour
 - Level 0.1 Stealth
 + Level 6.0 Shields
 * Level 4.4 Invocations
 * Level 3.7 Evocations


You had 5 spell levels left.
You didn't know any spells.
Your spell library contained the following spells:

 Spells                   Type           Power      Damage    Failure   Level
 Conjure Flame            Conj/Fire      0%         6-21      100%        3
 Ignite Poison            Fire/Tmut/Pois 0%         N/A       100%        3
 Sticky Flame             Conj/Fire      0%         2d3       100%        4


Dungeon Overview and Level Annotations

Branches:
Dungeon (3/15)

Altars:
Hepliaklqana
Uskayaw


Innate Abilities, Weirdness & Mutations

You are immune to sickness and miasma.
Your stone body is resilient. (AC +4)
You are immune to poison.
You resist negative energy. (rN+)
You are resistant to electric shocks. (rElec)
You are resistant to unholy torment.
You are immune to petrification.


Message History

You block the hobgoblin's attack. x2; The orc priest hits you with a +0 club.
Unknown command.
You hit the orc priest but do no damage.
The orc priest is lightly wounded.
You slash the hobgoblin!
You kill the hobgoblin!
The orc priest hits you but does no damage.
You have reached level 6!
You barely miss the orc priest.
The orc priest is lightly wounded.
The orc priest barely misses you.
You hit the orc priest but do no damage.
The orc priest is lightly wounded.
The orc priest mumbles some strange prayers to Beogh against you.
You barely resist.
The orc priest invokes the aid of Beogh against you.
You barely resist. You slash the orc priest!
The orc priest is severely wounded.
The orc priest invokes the aid of Beogh against you.
Pain shoots through your body!
* * * LOW HITPOINT WARNING * * *
You hit the orc priest.
The orc priest is almost dead.
You block the orc priest's attack.
The orc priest invokes the aid of Beogh against you.
You barely resist.
Unknown command.
You barely miss the orc priest.
The orc priest is almost dead.
The orc priest hits you but does no damage.
You barely miss the orc priest.
The orc priest is almost dead.
You block the orc priest's attack.
You barely miss the orc priest.
The orc priest is almost dead.
The orc priest barely misses you.
The orc priest invokes the aid of Beogh against you.
Beogh smites you!
You die...

########.....#.#.##.#.#
.#.#
.............#.#....#.# #
############.....#.######
.................#......
...#########.####......#
..............# ......#
................ .......
...##############).....#
.......(...|....@†......
...##############o.....#
#### ......# ....###
....# ....# #####


You could see an orc priest.

Vanquished Creatures
  A scorpion (D:3)
  A gnoll (D:1)
  3 adders
  3 dart slugs
  2 orcs (D:3)
  2 ball pythons (D:1)
  5 endoplasms
  5 giant cockroaches
  4 goblins
  7 hobgoblins
  8 jackals
  5 kobolds
  A quokka (D:1)
  4 bats
  4 frilled lizards
  7 rats
62 creatures vanquished.

Notes
Turn   | Place    | Note
-------+----------+-------------------------------------------
     0 | D:1      | bande the Gargoyle Fighter began the quest for the Orb.
     0 | D:1      | Reached XP level 1. HP: 14/14 MP: 1/1
   203 | D:1      | Reached XP level 2. HP: 1/19 MP: 2/2
   734 | D:1      | Reached XP level 3. HP: 16/23 MP: 3/3
  1082 | D:1      | Found a faded altar of an unknown god.
  1653 | D:2      | Reached skill level 5 in Fighting
  1653 | D:2      | Reached XP level 4. HP: 32/32 MP: 3/7
  1747 | D:2      | Reached XP level 5. HP: 34/36 MP: 8/8
  1833 | D:2      | Found a hazy altar of Hepliaklqana.
  2540 | D:3      | Found a hide-covered altar of Uskayaw.
  2793 | D:3      | Reached XP level 6. HP: 14/41 MP: 9/9
  2799 | D:3      | Killed from afar by an orc priest

Illustrated notes

Levels and vault maps discovered:
D:1:      amcnicky_arrival_single_pillar, layout_loops_ring,
          hellmonk_ecumenical_altar_crossroads, minmay_ruptured
D:2:      layout_loops_ring, basic_altar
D:3:      layout_basic, mainiacjoe_overflow_alcove_2, trog_wizard,
          portal_sewer_entry_b

Skill      XL: |  1  2  3 |
---------------+----------+-----
Axes           | 2 4 |  4.7
Fighting       | 5 |  5.9
Armour         | 6 |  6.3
Shields        | 6 |  6.0
Invocations    | 4 |  4.4
Evocations     | 3 |  3.7
Stealth        | |  0.1

Action                   |  1- 3 |  4- 6 || total
-------------------------+-------+-------++-------
Melee: War axe           |    63 |    80 ||   143
  Use: Scroll            |     4 |     8 ||    12
       Potion            |     1 |       ||     1
Armor: Scale mail        |    47 |    32 ||    79
Dodge: Dodged            |    26 |    24 ||    50
Block: Buckler           |    18 |     2 ||    20
       Kite shield       |       |    35 ||    35

Table legend: (Time is in decaauts)
 A = Elapsed time spent in this place.
 B = Non-inter-level travel time spent in this place.
 C = Inter-level travel time spent in this place.
 D = Time resting spent in this place.
 E = Time spent auto-exploring this place.
 F = Levels seen in this place.
 G = Mean time per level.
                   A        B        C        D        E       F      G
               +--------+--------+--------+--------+--------+-----+--------+
         Total |   2860 |   2836 |     24 |    528 |   1826 |   3 |  953.3 |
       Dungeon |   2860 |   2836 |     24 |    528 |   1826 |   3 |  953.3 |
               +--------+--------+--------+--------+--------+-----+--------+

Top non-repeatable levels by time:
     D:1: 1671 daAuts
     D:2: 887 daAuts
     D:3: 300 daAuts
